 Dungeon Crawl Stone Soup version 0.28.0-53-g5a82cb258f (webtiles) character file.

Game seed: 16239374710160254106

462 Zeld the Ruffian (level 6, -3/51 HPs)
             Began as a Draconian Transmuter on June 14, 2022.
             Slain by an orc priest
             ... wielding a +0 club
              (4 damage)
             ... on level 4 of the Dungeon.
             The game lasted 00:05:21 (3627 turns).

Zeld the Ruffian (Draconian Transmuter)             Turns: 3627, Time: 00:05:22

Health: -3/51      AC:  2    Str: 14    XL:     6   Next: 79%
Magic:  3/11       EV: 19    Int: 14    God:
Gold:   116        SH:  0    Dex: 16    Spells: 1/11 levels left

rFire   . . .      SeeInvis +     - Unarmed
rCold   . . .      Faith    .   (shield currently unavailable)
rNeg    . . .      Spirit   .   (armour unavailable)
rPois   x          Reflect  .   (helmet currently unavailable)
rElec   .          Harm     .   (cloak currently unavailable)
rCorr   .          Rampage  .   (gloves currently unavailable)
Will    .....                   (boots currently unavailable)
Stlth   +.........              (no amulet)
HPRegen 0.17/turn               j - ring of see invisible
MPRegen 0.12/turn               (no ring)

@: spider-form (expiring), very slightly contaminated
A: venomous fangs, AC +6, tiny, unfitting armour, (cold-blooded)
a: End Transformation


You were on level 4 of the Dungeon.
You were a venomous arachnid creature.
You visited 1 branch of the dungeon, and saw 4 of its levels.

You collected 116 gold pieces.

Inventory:

Armour
 h - a +0 pair of gloves (melded)
 l - a +0 robe
Jewellery
 j - a ring of see invisible (left front leg)
Scrolls
 a - 2 scrolls of fear {unknown}
 b - 2 scrolls of torment {unknown}
 c - a scroll of vulnerability {unknown}
 e - 3 scrolls of identify {unknown}
 f - a scroll of amnesia {unknown}
 g - a scroll of teleportation {unknown}
 i - a scroll of noise {unknown}
 k - a scroll of fog {unknown}
Potions
 d - 3 potions of might {unknown}


   Skills:
 + Level 3.0 Fighting
 - Level 1.7 Dodging
 + Level 4.1 Unarmed Combat
 + Level 3.4 Spellcasting
 + Level 4.1 Transmutations
 - Level 2.0 Ice Magic
 - Level 2.0 Poison Magic


You had one spell level left.
You knew the following spells:

 Your Spells              Type           Power      Damage    Failure   Level
a - Beastly Appendage     Tmut           28%        N/A       12%         1
b - Wereblood             Tmut           14%        N/A       16%         2
c - Spider Form           Tmut/Pois      11%        N/A       36%         3
d - Ice Form              Ice/Tmut       11%        N/A       71%         4

Your spell library contained the following spells:

 Spells                   Type           Power      Damage    Failure   Level


Dungeon Overview and Level Annotations

Branches:
Dungeon (4/15)
 Temple: D:4-7

Altars:
Cheibriados
Qazlal

Shops:
D:4 ?(

Annotations:
D:3 Grinder


Innate Abilities, Weirdness & Mutations

You are a venomous arachnid creature.
You have poisonous fangs.
You are tiny and dextrous.
Your spellcasting is less reliable in this form.
Your armour is entirely melded.
You are incapable of wielding weapons or throwing items.
((Your plain brown scales are hard. (AC +6)))
You cannot fit into any form of body armour.
((You are cold-blooded and may be slowed by cold attacks.))


Message History

You hit the ogre.
The ogre is poisoned.
The ogre is lightly wounded.
The ogre hits you with a +0 giant club!
You bite the ogre!
The ogre is heavily wounded.
The ogre misses you.
You hit the ogre.
The ogre looks as sick as possible!
The ogre is heavily wounded.
The ogre hits you with a +0 giant club!
You hit the ogre.
The ogre is severely wounded.
Unknown command.
You hit the ogre.
The ogre looks as sick as possible!
The ogre is almost dead.
Your transformation is almost over.
You kill the ogre!
Training target 2.0 for Ice Magic reached!
Your Fighting skill increases to level 3!
Your Transmutations skill increases to level 4!
Your Ice Magic skill increases to level 2!
The orc shouts!
You hit the phantom.
The phantom is lightly damaged.
The phantom hits you!
* * * LOW HITPOINT WARNING * * *
The phantom blinks!
You blink.
An orc priest comes into view. It is wielding a +0 club.
The orc wizard completely misses you. The orc barely misses you.
The orc priest shouts!
You hit the orc.
The orc is poisoned.
The orc is heavily wounded.
The orc hits you with a +0 flail!
* * * LOW HITPOINT WARNING * * *
The phantom hits you.
* * * LOW HITPOINT WARNING * * *
The phantom blinks!
You blink.
Found 20 stones.
You hit the phantom.
The phantom is lightly damaged.
The phantom completely misses you. The orc priest hits you with a +0 club.
You die...

#.# #####
##..#########.##### #.#
#...####=.........##.....#
.#
#....>.>...######.##......
## #############
#.##..#### ##.'..#W§§#
#.##..#⌠≈≈ ##..##.o.###
#.##..#≈≈≈ #.#..#oo##(#
#.##..#≈≈≈ ##.#.W###Wo..#
#.#...##≈# ##.#.....#.s###
#.#....'≈# #
##.#..#..###.# #.#.#.##≈#
# #.#..#.##. #..
###.#.#.#≈≈≈ ## .#..#.##
.###.# ##...#.#.#≈≈≈ .#
.#..#.## #.
..##...##.#.#⌠≈≈
##.#..#.## .#
#.#.....#.#.#### .§#^.#.#
#g .#.......#..... ....#.#
.# ##.......###### #..#.#
#......##


You could see a phantom, an orc priest, an orc wizard (invisible) and 2 orcs.

Vanquished Creatures
  Sigmund (D:2)
  A necrophage (D:4)
  An ogre (D:4)
  2 adders (D:2)
  3 gnolls (D:3)
  2 worms
  3 dart slugs
  3 orcs
  7 endoplasms
  5 giant cockroaches
  6 goblins
  4 hobgoblins
  4 jackals (D:1)
  2 quokkas
  9 ball pythons
  5 bats
  5 frilled lizards
  4 kobolds
  4 rats
71 creatures vanquished.

Notes
Turn   | Place    | Note
-------+----------+-------------------------------------------
     0 | D:1      | Zeld the Draconian Transmuter began the quest for the Orb.
     0 | D:1      | Reached XP level 1. HP: 16/16 MP: 3/3
   132 | D:1      | Reached XP level 2. HP: 22/23 MP: 3/5
   207 | D:1      | Learned a level 2 spell: Wereblood
   731 | D:2      | Reached XP level 3. HP: 25/28 MP: 4/6
   735 | D:2      | Learned a level 3 spell: Spider Form
  1126 | D:2      | Reached skill level 1 in Poison Magic
  1167 | D:2      | Noticed Sigmund
  1187 | D:2      | Killed Sigmund
  1188 | D:2      | Reached XP level 4. HP: 19/37 MP: 4/8
  1188 | D:2      | Reached XP level 5. HP: 22/42 MP: 4/9
  1332 | D:2      | Learned a level 4 spell: Ice Form
  1643 | D:3      | Found a stormy altar of Qazlal.
  1845 | D:3      | Reached XP level 6. HP: 27/50 MP: 3/10
  1992 | D:3      | Noticed Grinder
  1995 | D:3      | Paralysed by Grinder for 2 turns
  2001 | D:3      | HP: 2/50 [Grinder (6)]
  2267 | D:4      | Found Zurghahoi's Magic Scroll Shop.
  2464 | D:4      | Found a snail-covered altar of Cheibriados.
  2650 | D:4      | Found Toofoker's Weapon Shoppe.
  2812 | D:4      | Reached skill level 1 in Ice Magic
  3099 | D:3      | Paralysed by Grinder for 7 turns
  3626 | D:4      | HP: 2/51 [orc/+0 flail (9)]
  3627 | D:4      | Slain by an orc priest

Illustrated notes

Levels and vault maps discovered:
D:1:      saegor_arrival_simple_b, layout_rooms
D:2:      layout_basic, kennysheep_generic_room_2, uniq_sigmund
D:3:      layout_loops_ring, mainiacjoe_overflow_alcove_2, serial_aquarium,
          aquarium_bridge_square [aquarium_subvault_wall,
          aquarium_subvault_bridge, aquarium_subvault_wall,
          aquarium_subvault_wall], aquarium_window_1, aquarium_window_2,
          aquarium_view_2b, uniq_grinder
D:4:      minmay_razor_zed, layout_loops_ring, cheibrodos_worm_habitat,
          serial_shops, nicolae_square_shop, nicolae_stop_n_shop_1

Skill      XL: |  1  2  3  4  5  6 |
---------------+-------------------+-----
Poison Magic   | 2 |  2.0
Fighting       | 2 3 |  3.0
Spellcasting   | 3 |  3.4
Transmutations | 3 4 |  4.1
Ice Magic      | 2 |  2.0
Unarmed Combat | 4 |  4.1
Dodging        | |  1.7

Action                   |  1- 3 |  4- 6 || total
-------------------------+-------+-------++-------
Melee: Unarmed           |    76 |    90 ||   166
       Kick              |    17 |     9 ||    26
       Tailslap          |     5 |     1 ||     6
       Headbutt          |     3 |     6 ||     9
       Punch             |       |     1 ||     1
 Cast: Beastly Appendage |    22 |    16 ||    38
       Spider Form       |     3 |     5 ||     8
       Wereblood         |       |     1 ||     1
       Ice Form          |       |     2 ||     2
 Stab: Sleeping          |     1 |       ||     1
Armor: Skin              |    35 |    25 ||    60
Dodge: Dodged            |    87 |    62 ||   149
